WCHLSIM.com - West Coast Hockey League
html PUBLIC "-//W3C//DTD XHTML 1.0 Transitional//EN" "http://www.w3.org/TR/xhtml1/DTD/xhtml1-transitional.dtd"> WCHL - Game 284 - OAKLAND GORILLAS vs VANCOUVER VOODOO

OAKLAND GORILLAS vs VANCOUVER VOODOO

Created - 21 novembre 2022 at 21:08

Goals
1 2 3 T
OAKLAND GORILLAS 1 3 1 5
VANCOUVER VOODOO 2 1 1 4
Shots
1 2 3 T
OAKLAND GORILLAS 9 8 13 30
VANCOUVER VOODOO 9 10 10 29

1st period

1. OAKLAND GORILLAS , Paul Stastny 6 (Zachary Werenski 6) at 6:30 (PP)
2. VANCOUVER VOODOO , Brendan Gallagher 4 (Mike Reilly 4, Brett Kulak 4) at 9:40
3. VANCOUVER VOODOO , Brendan Lemieux 3 (Brendan Gallagher 3, Marcus Johansson 6) at 11:15

Penalties :
Logan Stanley (VAN) for Hooking (Minor) at 4:42

2nd period

4. OAKLAND GORILLAS , Calle Jarnkrok 1 (Travis Boyd 1, Martin Fehervary 1) at 1:20
5. VANCOUVER VOODOO , Denis Gurianov 2 (Anthony Beauvillier 4, Marcus Johansson 7) at 1:41 (PP)
6. OAKLAND GORILLAS , Nico Sturm 1 (Boone Jenner 12, Zachary Werenski 7) at 6:20
7. OAKLAND GORILLAS , Conor Garland 5 (Nico Hischier 15, Boone Jenner 13) at 19:35 (PP)

Penalties :
Mason Appleton (OAK) for Holding (Minor) at 1:37, Hampus Lindholm (OAK) for Hooking (Minor) at 3:51, Anthony Beauvillier (VAN) for Tripping (Minor) at 12:31, Logan Stanley (VAN) for Tripping (Minor) at 19:07

3rd period

8. OAKLAND GORILLAS , Brock Boeser 4 (Martin Fehervary 2) at 9:27
9. VANCOUVER VOODOO , Dominik Kubalik 4 (Josh Bailey 9, Brett Kulak 5) at 14:36 (PP)

Penalties :
Brett Kulak (VAN) for High sticking (Minor) at 9:53, Mason Appleton (OAK) for High sticking (Minor) at 14:06

Goalie Stats

James Reimer (OAK), 25 saves from 29 shots - (0,862), W, 10-3-1, 60:00 minutes
Jake Allen (VAN), 25 saves from 30 shots - (0,833), L, 5-5-0, 59:56 minutes

Players Stats for OAKLAND GORILLAS

Player Name              G  A  P  +/- PIM S  H  SB GA TA FO     MP     PP MP  PK MP  
------------------------------------------------------------------------------------
Boone Jenner             0  2  2   1  0   4  1  0  0  0  9/12   13:22   3:22   0:00 
Brock Boeser             1  0  1   1  0   3  1  0  0  0  0/0    16:14   2:24   0:00 
Calle Jarnkrok           1  0  1   1  0   3  0  0  0  0  1/2    15:06   0:28   0:50 
Cameron York             0  0  0   2  0   1  0  3  0  0  0/0    19:50   3:22   0:06 
Conor Garland            1  0  1   1  0   5  0  0  0  0  1/1    17:12   3:22   0:00 
David Kampf              0  0  0   1  0   1  0  1  0  0  3/4    15:25   0:00   1:37 
Hampus Lindholm          0  0  0   1  2   0  0  0  0  0  0/0    20:49   2:24   0:26 
Jesse Puljujarvi         0  0  0  -2  0   0  0  0  0  0  0/0    15:18   0:00   1:43 
Joel Farabee             0  0  0  -2  0   0  0  0  0  0  1/2    17:17   2:52   0:50 
Jonas Siegenthaler       0  0  0   0  0   0  3  0  0  0  0/0    18:24   0:28   1:07 
Martin Fehervary         0  2  2   2  0   0  2  2  0  0  0/0    16:59   0:00   0:54 
Mason Appleton           0  0  0   1  4   1  1  0  0  0  1/1     9:41   0:00   0:00 
Nico Hischier            0  1  1   1  0   3  1  0  0  0  14/23  17:35   3:22   0:06 
Nico Sturm               1  0  1   1  0   4  0  0  0  0  0/0     9:43   0:00   0:00 
Paul Stastny             1  0  1  -2  0   3  1  0  0  0  9/16   16:44   2:52   0:00 
Travis Boyd              0  1  1   1  0   1  1  0  0  0  8/13   13:48   0:00   0:00 
Tyler Myers              0  0  0  -2  0   1  3  2  0  0  0/0    21:56   3:22   1:26 
Zachary Werenski         0  2  2  -1  0   0  0  1  0  0  0/0    22:01   2:52   1:07 

Players Stats for VANCOUVER VOODOO

Player Name              G  A  P  +/- PIM S  H  SB GA TA FO     MP     PP MP  PK MP  
------------------------------------------------------------------------------------
Adam Gaudette            0  0  0  -1  0   0  0  0  0  0  3/9    10:15   1:43   0:07 
Anthony Beauvillier      0  1  1   0  2   2  1  0  0  0  0/0    17:03   0:50   0:00 
Braden Schneider         0  0  0  -2  0   0  0  0  0  0  0/0    16:57   0:00   1:51 
Brendan Gallagher        1  1  2   1  0   2  0  0  0  0  0/0    10:22   0:00   0:00 
Brendan Lemieux          1  0  1   1  0   3  0  0  0  0  0/1    12:38   0:00   2:16 
Brett Kulak              0  2  2   1  2   2  2  1  0  0  0/0    21:04   1:16   1:44 
Cole Sillinger           0  0  0   0  0   3  0  0  0  0  7/19   16:23   0:00   0:00 
Denis Gurianov           1  0  1  -1  0   1  0  0  0  0  0/1     9:15   0:50   0:00 
Dominik Kubalik          1  0  1  -1  0   2  1  0  0  0  0/1    10:08   1:43   0:00 
Jack Ahcan               0  0  0  -2  0   0  1  0  0  0  0/0    18:26   1:16   2:04 
Josh Anderson            0  0  0  -1  0   1  0  0  0  0  0/0    16:12   0:00   0:00 
Josh Bailey              0  1  1   0  0   2  2  0  0  0  0/1    20:15   1:43   2:09 
Logan Stanley            0  0  0   0  4   1  4  1  0  0  0/0    19:14   0:00   1:14 
Marcus Johansson         0  2  2   1  0   3  0  0  0  0  9/18   11:29   0:50   0:17 
Matthew Grzelcyk         0  0  0   0  0   0  0  3  0  0  0/0    21:53   1:17   2:34 
Mike Reilly              0  1  1   1  0   2  1  1  0  0  0/0    22:23   1:17   3:01 
Patric Hornqvist         0  0  0  -1  0   3  1  1  0  0  0/0    19:44   0:00   3:41 
Radek Faksa              0  0  0  -1  0   2  1  0  0  0  8/24   20:01   0:00   3:58 

3 Stars

1 - Martin Fehervary (OAK)
2 - Brendan Gallagher (VAN)
3 - Boone Jenner (OAK)

Power Play

OAKLAND GORILLAS - 2 on 4 Attempt(s) - 50,00%
VANCOUVER VOODOO - 2 on 3 Attempt(s) - 66,67%

Penalty Kill

OAKLAND GORILLAS - 1 on 3 Attempt(s) - 33,33% - Score 0 goal in Penalty Kill
VANCOUVER VOODOO - 2 on 4 Attempt(s) - 50,00% - Score 0 goal in Penalty Kill

Team Stat

OAKLAND GORILLAS - Hits : 14 - Faceoff Wins : 47 - Blocked Shots : 9 - Penalty Minutes : 6
VANCOUVER VOODOO - Hits : 14 - Faceoff Wins : 27 - Blocked Shots : 7 - Penalty Minutes : 8

Official

Referees : Tim Peel and Garrett Rank
Linesman : Ryan Gibbons and Jeff Walker

Game Notes

No Game Note

Finance

Level 1 -- Attendance: 7043 (97,82%) -- Ticket Income 1 021 235 $
Level 2 -- Attendance: 5500 (100,00%) -- Ticket Income 550 000 $
Level 3 -- Attendance: 2709 (90,30%) -- Ticket Income 184 212 $
Level 4 -- Attendance: 5358 (89,30%) -- Ticket Income 257 184 $
Luxury Box -- Attendance: 912 (91,20%) -- Ticket Income 273 600 $
Total Attendance: 21522 (94,81%)
Total Ticket Income: 2 286 231 $
Other Expense: 22 862 $
Total Income: 2 263 369 $

OAKLAND GORILLAS

5 vs 5 Forward 
   Center                   Left Wing                Right Wing               Time % Phy DF OF 
 1 Nico Hischier            Conor Garland            Brock Boeser             27     1   2  2  
 2 Paul Stastny             Joel Farabee             Jesse Puljujarvi         27     1   2  2  
 3 Travis Boyd              David Kampf              Calle Jarnkrok           26     1   2  2  
 4 Boone Jenner             Nico Sturm               Mason Appleton           20     1   2  2  

5 vs 5 Defense 
   Defense                  Defense                                           Time % Phy DF OF 
 1 Zachary Werenski         Tyler Myers                                       34     1   2  2  
 2 Hampus Lindholm          Jonas Siegenthaler                                33     1   2  2  
 3 Cameron York             Martin Fehervary                                  33     1   2  2  
 4 Hampus Lindholm          Zachary Werenski                                  0      1   2  2  

PowerPlay Forward 
   Center                   Left Wing                Right Wing               Time % Phy DF OF 
 1 Nico Hischier            Boone Jenner             Conor Garland            50     1   2  2  
 2 Paul Stastny             Joel Farabee             Brock Boeser             50     1   2  2  

PowerPlay Defense
   Defense                  Defense                                           Time % Phy DF OF 
 1 Zachary Werenski         Hampus Lindholm                                   55     1   2  2  
 2 Cameron York             Tyler Myers                                       45     1   2  2  

Penalty Kill 4 Players Forward 
   Center                   Wing                     Time % Phy DF OF 
 1 David Kampf              Jesse Puljujarvi         55     1   2  2  
 2 Calle Jarnkrok           Joel Farabee             45     1   2  2  

Penalty Kill 4 Players Defense
   Defense                  Defense                  Time % Phy DF OF 
 1 Hampus Lindholm          Tyler Myers              51     1   2  2  
 2 Zachary Werenski         Jonas Siegenthaler       49     1   2  2  

Penalty Kill - 3 Players Forward 
   Forward                                           Time % Phy DF OF 
 1 Nico Hischier                                     55     1   2  2  
 2 Paul Stastny                                      45     1   2  2  

Penalty Kill - 3 Players Defense
   Defense                  Defense                  Time % Phy DF OF 
 1 Hampus Lindholm          Tyler Myers              50     1   2  2  
 2 Jonas Siegenthaler       Zachary Werenski         50     1   2  2  

4 vs 4 Forward 
   Center                   Wing                     Time % Phy DF OF 
 1 Nico Hischier            Brock Boeser             55     1   2  2  
 2 Paul Stastny             Conor Garland            45     1   2  2  

4 vs 4 Defense
   Defense                  Defense                  Time % Phy DF OF 
 1 Zachary Werenski         Tyler Myers              55     1   2  2  
 2 Hampus Lindholm          Martin Fehervary         45     1   2  2  

Last Minutes Offensive
   Center                   Left Wing                Right Wing               Defense                  Defense                  
   Nico Hischier            Paul Stastny             Brock Boeser             Zachary Werenski         Hampus Lindholm          

Last Minutes Defensive
   Center                   Left Wing                Right Wing               Defense                  Defense                  
   Nico Hischier            Boone Jenner             Paul Stastny             Hampus Lindholm          Tyler Myers              

Goaltenders
Starting : James Reimer             
Backup : Alexandar Georgiev       

Extra Forwards
Normal : Nico Hischier, Conor Garland, Brock Boeser - PP : Calle Jarnkrok, Joel Farabee - PK : Nico Hischier
Extra Defensemen
Normal : Zachary Werenski, Hampus Lindholm, Tyler Myers - PP : Jonas Siegenthaler - PK : Martin Fehervary, Cameron York
Penalty Shots
Brock Boeser, Nico Hischier, Conor Garland, Paul Stastny, Jesse Puljujarvi
Custom OT Lines Forwards
Nico Hischier, Boone Jenner, Conor Garland, Brock Boeser, Paul Stastny, Jesse Puljujarvi, Calle Jarnkrok, Joel Farabee, David Kampf, Mason Appleton
Custom OT Lines Defensemen
Zachary Werenski, Tyler Myers, Hampus Lindholm, Martin Fehervary, Jonas Siegenthaler

Scratches
Patrik Laine (Dislocated Patella Injury)

VANCOUVER VOODOO

5 vs 5 Forward 
   Center                   Left Wing                Right Wing               Time % Phy DF OF 
 1 Cole Sillinger           Anthony Beauvillier      Josh Bailey              33     2   1  2  
 2 Radek Faksa              Josh Anderson            Patric Hornqvist         32     2   2  1  
 3 Marcus Johansson         Brendan Lemieux          Brendan Gallagher        22     3   1  1  
 4 Adam Gaudette            Dominik Kubalik          Denis Gurianov           13     3   1  1  

5 vs 5 Defense 
   Defense                  Defense                                           Time % Phy DF OF 
 1 Matthew Grzelcyk         Logan Stanley                                     36     1   3  1  
 2 Brett Kulak              Mike Reilly                                       34     2   1  2  
 3 Jack Ahcan               Braden Schneider                                  30     1   3  1  
 4 Matthew Grzelcyk         Mike Reilly                                       0      1   2  2  

PowerPlay Forward 
   Center                   Left Wing                Right Wing               Time % Phy DF OF 
 1 Adam Gaudette            Dominik Kubalik          Josh Bailey              55     1   0  4  
 2 Marcus Johansson         Anthony Beauvillier      Denis Gurianov           45     1   2  2  

PowerPlay Defense
   Defense                  Defense                                           Time % Phy DF OF 
 1 Matthew Grzelcyk         Mike Reilly                                       50     1   2  2  
 2 Brett Kulak              Jack Ahcan                                        50     1   1  3  

Penalty Kill 4 Players Forward 
   Center                   Wing                     Time % Phy DF OF 
 1 Radek Faksa              Patric Hornqvist         55     1   4  0  
 2 Josh Bailey              Brendan Lemieux          45     3   2  0  

Penalty Kill 4 Players Defense
   Defense                  Defense                  Time % Phy DF OF 
 1 Logan Stanley            Matthew Grzelcyk         50     1   4  0  
 2 Mike Reilly              Brett Kulak              50     2   2  1  

Penalty Kill - 3 Players Forward 
   Forward                                           Time % Phy DF OF 
 1 Marcus Johansson                                  55     3   2  0  
 2 Brendan Lemieux                                   45     1   1  3  

Penalty Kill - 3 Players Defense
   Defense                  Defense                  Time % Phy DF OF 
 1 Brett Kulak              Logan Stanley            55     1   3  1  
 2 Matthew Grzelcyk         Braden Schneider         45     1   3  1  

4 vs 4 Forward 
   Center                   Wing                     Time % Phy DF OF 
 1 Radek Faksa              Josh Bailey              55     0   2  3  
 2 Cole Sillinger           Josh Anderson            45     2   2  1  

4 vs 4 Defense
   Defense                  Defense                  Time % Phy DF OF 
 1 Brett Kulak              Mike Reilly              50     1   3  1  
 2 Braden Schneider         Logan Stanley            50     2   2  1  

Last Minutes Offensive
   Center                   Left Wing                Right Wing               Defense                  Defense                  
   Cole Sillinger           Josh Anderson            Josh Bailey              Matthew Grzelcyk         Logan Stanley            

Last Minutes Defensive
   Center                   Left Wing                Right Wing               Defense                  Defense                  
   Radek Faksa              Brendan Lemieux          Patric Hornqvist         Matthew Grzelcyk         Logan Stanley            

Goaltenders
Starting : Jake Allen               
Backup : Samuel Montembeault      

Extra Forwards
Normal : Brendan Lemieux, Cole Sillinger, Anthony Beauvillier - PP : Josh Anderson, Adam Gaudette - PK : Josh Bailey
Extra Defensemen
Normal : Braden Schneider, Brett Kulak, Matthew Grzelcyk - PP : Mike Reilly - PK : Jack Ahcan, Mike Reilly
Penalty Shots
Josh Bailey, Josh Anderson, Anthony Beauvillier, Dominik Kubalik, Adam Gaudette
Custom OT Lines Forwards
Josh Bailey, Brendan Gallagher, Patric Hornqvist, Josh Anderson, Anthony Beauvillier, Dominik Kubalik, Denis Gurianov, Brendan Lemieux, Cole Sillinger, Marcus Johansson
Custom OT Lines Defensemen
Logan Stanley, Matthew Grzelcyk, Brett Kulak, Mike Reilly, Braden Schneider

Scratches
Sebastien Aho (Broken Bone (Right Ankle) Injury), Jack McBain (Fractured Bone in Right Hand Injury), Noel Acciari (Left Leg Injury)

% Time on Ice - OAKLAND GORILLAS

Lines # - Real PCT - Wanted PCT - Time Play
Normal Forward
1 - 27% - 27% - 13:50
2 - 27% - 27% - 13:35
3 - 27% - 26% - 13:48
4 - 19% - 20% - 9:43
Normal Defense
1 - 34% - 34% - 17:08
2 - 33% - 33% - 16:49
3 - 32% - 33% - 16:05
4 - 2% - 0% - 0:54
PP Forward
1 - 54% - 50% - 3:22
2 - 46% - 50% - 2:52
PP Defense
1 - 46% - 55% - 2:52
2 - 54% - 45% - 3:22
PK Forward
1 - 67% - 55% - 1:43
2 - 33% - 45% - 0:50
PK Defense
1 - 56% - 51% - 1:26
2 - 44% - 49% - 1:07
PK3 Forward
1 - 0% - 55%
2 - 0% - 45%
PK3 Defense
1 - 0% - 50%
2 - 0% - 50%
44 Forward
1 - 0% - 55%
2 - 0% - 45%
44 Defense
1 - 0% - 55%
2 - 0% - 45%
Last Minute Offensive  - 0:00
Last Minute Defensive  - 0:17
Total
Forward - 60:00
Defense - 60:00

% Time on Ice - VANCOUVER VOODOO

Lines # - Real PCT - Wanted PCT - Time Play
Normal Forward
1 - 32% - 33% - 16:14
2 - 31% - 32% - 16:03
3 - 20% - 22% - 10:22
4 - 16% - 13% - 8:25
Normal Defense
1 - 35% - 36% - 17:53
2 - 35% - 34% - 18:05
3 - 30% - 30% - 15:06
4 - 0% - 0% - 0:00
PP Forward
1 - 67% - 55% - 1:43
2 - 33% - 45% - 0:50
PP Defense
1 - 50% - 50% - 1:17
2 - 50% - 50% - 1:16
PK Forward
1 - 64% - 55% - 3:58
2 - 36% - 45% - 2:16
PK Defense
1 - 40% - 50% - 2:31
2 - 60% - 50% - 3:43
PK3 Forward
1 - 0% - 55%
2 - 0% - 45%
PK3 Defense
1 - 0% - 55%
2 - 0% - 45%
44 Forward
1 - 0% - 55%
2 - 0% - 45%
44 Defense
1 - 0% - 50%
2 - 0% - 50%
Last Minute Offensive  - 0:09
Last Minute Defensive  - 0:00
Total
Forward - 60:00
Defense - 60:00

Play-by-Play

1st period


0:01 of 1st period - Cole Sillinger wins face-off versus Nico Hischier in neutral zone.
0:21 of 1st period - Off-side.
0:22 of 1st period - Paul Stastny wins face-off versus Radek Faksa in neutral zone.
1:04 of 1st period - Icing by Jonas Siegenthaler.
1:05 of 1st period - Marcus Johansson wins face-off versus Paul Stastny in OAKLAND GORILLAS zone.
1:08 of 1st period - Shot by Brendan Gallagher.
1:08 of 1st period - Stopped by James Reimer without a rebound.
1:09 of 1st period - Marcus Johansson wins face-off versus Travis Boyd in OAKLAND GORILLAS zone.
1:59 of 1st period - Shot by Anthony Beauvillier.
1:59 of 1st period - Stopped by James Reimer with a rebound.
2:27 of 1st period - Shot by Cole Sillinger.
2:27 of 1st period - Stopped by James Reimer with a rebound.
2:54 of 1st period - Dominik Kubalik is hit by Tyler Myers and loses puck.
2:57 of 1st period - Shot by Mike Reilly.
2:57 of 1st period - Shot Misses the Net.
3:15 of 1st period - Boone Jenner is hit by Dominik Kubalik and loses puck.
3:52 of 1st period - Shot by Patric Hornqvist.
3:52 of 1st period - Stopped by James Reimer with a rebound.
4:06 of 1st period - Icing by Hampus Lindholm.
4:07 of 1st period - Nico Hischier wins face-off versus Cole Sillinger in OAKLAND GORILLAS zone.
4:07 of 1st period - Nico Hischier is hit by Josh Bailey.
4:42 of 1st period - Minor Penalty to Logan Stanley for Hooking.
4:43 of 1st period - Radek Faksa wins face-off versus Paul Stastny in VANCOUVER VOODOO zone.
5:02 of 1st period - Shot by Zachary Werenski.
5:02 of 1st period - Shot Misses the Net.
6:30 of 1st period - Shot by Paul Stastny.
6:30 of 1st period - Goal by Paul Stastny - OAKLAND GORILLAS : 1 - VANCOUVER VOODOO : 0.
6:31 of 1st period - Mason Appleton wins face-off versus Marcus Johansson in neutral zone.
6:41 of 1st period - Shot by Boone Jenner.
6:41 of 1st period - Stopped by Jake Allen without a rebound.
6:42 of 1st period - Travis Boyd wins face-off versus Cole Sillinger in VANCOUVER VOODOO zone.
6:58 of 1st period - Shot by Travis Boyd.
6:58 of 1st period - Shot Misses the Net.
7:07 of 1st period - Tyler Myers is hit by Jack Ahcan and loses puck.
7:30 of 1st period - Josh Bailey is hit by Travis Boyd and loses puck.
8:13 of 1st period - Shot by Paul Stastny.
8:13 of 1st period - Stopped by Jake Allen without a rebound.
8:14 of 1st period - Nico Hischier wins face-off versus Adam Gaudette in VANCOUVER VOODOO zone.
8:15 of 1st period - Shot by Brock Boeser.
8:15 of 1st period - Shot Misses the Net.
8:17 of 1st period - Shot by Conor Garland.
8:17 of 1st period - Stopped by Jake Allen without a rebound.
8:18 of 1st period - Nico Hischier wins face-off versus Radek Faksa in VANCOUVER VOODOO zone.
8:21 of 1st period - Shot by Conor Garland.
8:21 of 1st period - Shot Misses the Net.
9:30 of 1st period - Shot by Brendan Lemieux.
9:30 of 1st period - Shot Blocked by Zachary Werenski.
9:32 of 1st period - Shot by Brett Kulak.
9:32 of 1st period - Shot Misses the Net.
9:34 of 1st period - Shot by Brendan Gallagher.
9:34 of 1st period - Shot Blocked by Tyler Myers.
9:36 of 1st period - Shot by Mike Reilly.
9:36 of 1st period - Shot Misses the Net.
9:40 of 1st period - Shot by Brendan Gallagher.
9:40 of 1st period - Goal by Brendan Gallagher - OAKLAND GORILLAS : 1 - VANCOUVER VOODOO : 1.
9:41 of 1st period - Boone Jenner wins face-off versus Cole Sillinger in neutral zone.
9:57 of 1st period - Icing by Braden Schneider.
9:58 of 1st period - Paul Stastny wins face-off versus Cole Sillinger in VANCOUVER VOODOO zone.
10:30 of 1st period - Zachary Werenski is hit by Anthony Beauvillier and loses puck.
10:43 of 1st period - Shot by Brendan Gallagher.
10:43 of 1st period - Shot Misses the Net.
11:11 of 1st period - Shot by Brendan Gallagher.
11:11 of 1st period - Shot Misses the Net.
11:13 of 1st period - Shot by Brendan Lemieux.
11:13 of 1st period - Shot Blocked by Tyler Myers.
11:15 of 1st period - Shot by Brendan Lemieux.
11:15 of 1st period - Goal by Brendan Lemieux - OAKLAND GORILLAS : 1 - VANCOUVER VOODOO : 2.
11:16 of 1st period - Boone Jenner wins face-off versus Radek Faksa in neutral zone.
12:30 of 1st period - Shot by Dominik Kubalik.
12:30 of 1st period - Stopped by James Reimer without a rebound.
12:31 of 1st period - Nico Hischier wins face-off versus Cole Sillinger in OAKLAND GORILLAS zone.
12:57 of 1st period - Shot by Anthony Beauvillier.
12:57 of 1st period - Shot Misses the Net.
13:33 of 1st period - Brendan Lemieux is hit by Martin Fehervary and loses puck.
13:44 of 1st period - Shot by Marcus Johansson.
13:44 of 1st period - Stopped by James Reimer without a rebound.
13:45 of 1st period - Travis Boyd wins face-off versus Radek Faksa in OAKLAND GORILLAS zone.
15:37 of 1st period - Icing by Jonas Siegenthaler.
15:38 of 1st period - Marcus Johansson wins face-off versus Paul Stastny in OAKLAND GORILLAS zone.
16:06 of 1st period - Shot by Conor Garland.
16:06 of 1st period - Shot Misses the Net.
16:16 of 1st period - Shot by Brock Boeser.
16:16 of 1st period - Stopped by Jake Allen without a rebound.
16:17 of 1st period - Travis Boyd wins face-off versus Cole Sillinger in VANCOUVER VOODOO zone.
16:40 of 1st period - Icing by Zachary Werenski.
16:41 of 1st period - Travis Boyd wins face-off versus Radek Faksa in OAKLAND GORILLAS zone.
16:41 of 1st period - Travis Boyd is hit by Patric Hornqvist.
17:08 of 1st period - Shot by Josh Anderson.
17:08 of 1st period - Deflect By Radek Faksa.
17:08 of 1st period - Shot Misses the Net.
17:10 of 1st period - Shot by Patric Hornqvist.
17:10 of 1st period - Shot Misses the Net.
17:12 of 1st period - Shot by Radek Faksa.
17:12 of 1st period - Stopped by James Reimer without a rebound.
17:13 of 1st period - Boone Jenner wins face-off versus Cole Sillinger in OAKLAND GORILLAS zone.
17:53 of 1st period - Shot by Mason Appleton.
17:53 of 1st period - Stopped by Jake Allen with a rebound.
17:55 of 1st period - Shot by Cameron York.
17:55 of 1st period - Stopped by Jake Allen without a rebound.
17:56 of 1st period - Radek Faksa wins face-off versus Nico Hischier in VANCOUVER VOODOO zone.
18:11 of 1st period - Shot by Brock Boeser.
18:11 of 1st period - Deflect By Conor Garland.
18:11 of 1st period - Stopped by Jake Allen with a rebound.
18:13 of 1st period - Shot by Conor Garland.
18:13 of 1st period - Shot Blocked by Logan Stanley.
18:19 of 1st period - Shot by Nico Hischier.
18:19 of 1st period - Deflect By Brock Boeser.
18:19 of 1st period - Shot Misses the Net.
18:31 of 1st period - Shot by Nico Hischier.
18:31 of 1st period - Stopped by Jake Allen without a rebound.
18:32 of 1st period - Paul Stastny wins face-off versus Marcus Johansson in VANCOUVER VOODOO zone.
19:11 of 1st period - Icing by Jesse Puljujarvi.
19:12 of 1st period - Cole Sillinger wins face-off versus Paul Stastny in OAKLAND GORILLAS zone.
19:50 of 1st period - David Kampf is hit by Josh Bailey and loses puck.
Goals for this period are 1 for OAKLAND GORILLAS vs 2 for VANCOUVER VOODOO.
Shots for this period are 9 for OAKLAND GORILLAS vs 9 for VANCOUVER VOODOO.

2nd period


0:01 of 2nd period - Radek Faksa wins face-off versus Boone Jenner in neutral zone.
0:06 of 2nd period - Shot by Patric Hornqvist.
0:06 of 2nd period - Deflect By Josh Anderson.
0:06 of 2nd period - Shot Blocked by Cameron York.
0:12 of 2nd period - Shot by Nico Sturm.
0:12 of 2nd period - Stopped by Jake Allen without a rebound.
0:13 of 2nd period - Adam Gaudette wins face-off versus Nico Hischier in VANCOUVER VOODOO zone.
0:21 of 2nd period - Off-side.
0:22 of 2nd period - Radek Faksa wins face-off versus Nico Hischier in neutral zone.
0:28 of 2nd period - Josh Anderson is hit by Jonas Siegenthaler and loses puck.
0:36 of 2nd period - Patric Hornqvist is hit by Jonas Siegenthaler and loses puck.
0:42 of 2nd period - Off-side.
0:43 of 2nd period - Adam Gaudette wins face-off versus Travis Boyd in neutral zone.
0:52 of 2nd period - Shot by Dominik Kubalik.
0:52 of 2nd period - Shot Misses the Net.
1:06 of 2nd period - Shot by Travis Boyd.
1:06 of 2nd period - Shot Misses the Net.
1:20 of 2nd period - Shot by Calle Jarnkrok.
1:20 of 2nd period - Goal by Calle Jarnkrok - OAKLAND GORILLAS : 2 - VANCOUVER VOODOO : 2.
1:21 of 2nd period - Boone Jenner wins face-off versus Radek Faksa in neutral zone.
1:37 of 2nd period - Minor Penalty to Mason Appleton for Holding.
1:38 of 2nd period - Marcus Johansson wins face-off versus David Kampf in OAKLAND GORILLAS zone.
1:41 of 2nd period - Shot by Denis Gurianov.
1:41 of 2nd period - Goal by Denis Gurianov - OAKLAND GORILLAS : 2 - VANCOUVER VOODOO : 3.
1:42 of 2nd period - Radek Faksa wins face-off versus Nico Hischier in neutral zone.
1:45 of 2nd period - Conor Garland is hit by Radek Faksa and loses puck.
1:57 of 2nd period - Tyler Myers is hit by Brett Kulak and loses puck.
2:29 of 2nd period - Icing by Brett Kulak.
2:30 of 2nd period - Boone Jenner wins face-off versus Radek Faksa in VANCOUVER VOODOO zone.
2:37 of 2nd period - Shot by Mason Appleton.
2:37 of 2nd period - Shot Misses the Net.
2:42 of 2nd period - Off-side.
2:43 of 2nd period - Cole Sillinger wins face-off versus Joel Farabee in neutral zone.
2:54 of 2nd period - Shot by Cole Sillinger.
2:54 of 2nd period - Stopped by James Reimer with a rebound.
2:56 of 2nd period - Shot by Josh Bailey.
2:56 of 2nd period - Stopped by James Reimer with a rebound.
3:18 of 2nd period - Shot by Josh Bailey.
3:18 of 2nd period - Deflect By Cole Sillinger.
3:18 of 2nd period - Shot Misses the Net.
3:20 of 2nd period - Shot by Josh Bailey.
3:20 of 2nd period - Shot Blocked by Cameron York.
3:22 of 2nd period - Shot by Logan Stanley.
3:22 of 2nd period - Shot Blocked by Cameron York.
3:24 of 2nd period - Shot by Logan Stanley.
3:24 of 2nd period - Stopped by James Reimer without a rebound.
3:25 of 2nd period - Marcus Johansson wins face-off versus Travis Boyd in OAKLAND GORILLAS zone.
3:51 of 2nd period - Minor Penalty to Hampus Lindholm for Hooking.
3:52 of 2nd period - David Kampf wins face-off versus Dominik Kubalik in OAKLAND GORILLAS zone.
4:19 of 2nd period - Shot by Josh Bailey.
4:19 of 2nd period - Stopped by James Reimer with a rebound.
4:21 of 2nd period - Shot by Mike Reilly.
4:21 of 2nd period - Stopped by James Reimer with a rebound.
4:28 of 2nd period - Shot by Mike Reilly.
4:28 of 2nd period - Stopped by James Reimer without a rebound.
4:29 of 2nd period - Calle Jarnkrok wins face-off versus Marcus Johansson in OAKLAND GORILLAS zone.
4:56 of 2nd period - Shot by Denis Gurianov.
4:56 of 2nd period - Shot Blocked by Martin Fehervary.
4:58 of 2nd period - Shot by Brett Kulak.
4:58 of 2nd period - Shot Misses the Net.
5:00 of 2nd period - Shot by Brett Kulak.
5:00 of 2nd period - Shot Misses the Net.
5:02 of 2nd period - Shot by Marcus Johansson.
5:02 of 2nd period - Shot Blocked by Martin Fehervary.
6:18 of 2nd period - Shot by Boone Jenner.
6:18 of 2nd period - Shot Misses the Net.
6:20 of 2nd period - Shot by Nico Sturm.
6:20 of 2nd period - Goal by Nico Sturm - OAKLAND GORILLAS : 3 - VANCOUVER VOODOO : 3.
6:21 of 2nd period - Nico Hischier wins face-off versus Marcus Johansson in neutral zone.
6:34 of 2nd period - Shot by Brendan Gallagher.
6:34 of 2nd period - Deflect By Marcus Johansson.
6:34 of 2nd period - Shot Misses the Net.
6:48 of 2nd period - Shot by Brendan Lemieux.
6:48 of 2nd period - Stopped by James Reimer with a rebound.
7:58 of 2nd period - Shot by David Kampf.
7:58 of 2nd period - Shot Misses the Net.
8:36 of 2nd period - Shot by Dominik Kubalik.
8:36 of 2nd period - Shot Blocked by David Kampf.
8:38 of 2nd period - Shot by Brett Kulak.
8:38 of 2nd period - Stopped by James Reimer without a rebound.
8:39 of 2nd period - Marcus Johansson wins face-off versus Paul Stastny in OAKLAND GORILLAS zone.
8:39 of 2nd period - Marcus Johansson is hit by Tyler Myers.
8:43 of 2nd period - Shot by Brendan Lemieux.
8:43 of 2nd period - Stopped by James Reimer without a rebound.
8:44 of 2nd period - Paul Stastny wins face-off versus Marcus Johansson in OAKLAND GORILLAS zone.
8:51 of 2nd period - Shot by Jesse Puljujarvi.
8:51 of 2nd period - Shot Misses the Net.
8:55 of 2nd period - Shot by Jesse Puljujarvi.
8:55 of 2nd period - Shot Misses the Net.
8:57 of 2nd period - Shot by Zachary Werenski.
8:57 of 2nd period - Shot Misses the Net.
9:01 of 2nd period - Shot by Paul Stastny.
9:01 of 2nd period - Shot Misses the Net.
9:26 of 2nd period - Icing by Brett Kulak.
9:27 of 2nd period - Marcus Johansson wins face-off versus Boone Jenner in VANCOUVER VOODOO zone.
10:07 of 2nd period - Shot by Mason Appleton.
10:07 of 2nd period - Shot Misses the Net.
10:37 of 2nd period - Shot by Conor Garland.
10:37 of 2nd period - Deflect By Brock Boeser.
10:37 of 2nd period - Stopped by Jake Allen without a rebound.
10:38 of 2nd period - Paul Stastny wins face-off versus Adam Gaudette in VANCOUVER VOODOO zone.
12:05 of 2nd period - Icing by David Kampf.
12:06 of 2nd period - Cole Sillinger wins face-off versus Travis Boyd in OAKLAND GORILLAS zone.
12:31 of 2nd period - Minor Penalty to Anthony Beauvillier for Tripping.
12:32 of 2nd period - Radek Faksa wins face-off versus Nico Hischier in VANCOUVER VOODOO zone.
12:34 of 2nd period - Patric Hornqvist is hit by Nico Hischier and loses puck.
12:49 of 2nd period - Shot by Boone Jenner.
12:49 of 2nd period - Stopped by Jake Allen without a rebound.
12:50 of 2nd period - Radek Faksa wins face-off versus Paul Stastny in VANCOUVER VOODOO zone.
12:50 of 2nd period - Patric Hornqvist is hit by Brock Boeser and loses puck.
13:17 of 2nd period - Shot by Brock Boeser.
13:17 of 2nd period - Shot Blocked by Matthew Grzelcyk.
14:12 of 2nd period - Brendan Lemieux is hit by Boone Jenner.
14:39 of 2nd period - Icing by David Kampf.
14:40 of 2nd period - Travis Boyd wins face-off versus Adam Gaudette in OAKLAND GORILLAS zone.
14:56 of 2nd period - Shot by Travis Boyd.
14:56 of 2nd period - Shot Misses the Net.
16:04 of 2nd period - Icing by Logan Stanley.
16:05 of 2nd period - Nico Hischier wins face-off versus Cole Sillinger in VANCOUVER VOODOO zone.
16:26 of 2nd period - Shot by Nico Hischier.
16:26 of 2nd period - Stopped by Jake Allen with a rebound.
16:28 of 2nd period - Shot by Conor Garland.
16:28 of 2nd period - Shot Misses the Net.
16:30 of 2nd period - Shot by Conor Garland.
16:30 of 2nd period - Stopped by Jake Allen without a rebound.
16:31 of 2nd period - Boone Jenner wins face-off versus Radek Faksa in VANCOUVER VOODOO zone.
16:31 of 2nd period - Mason Appleton is hit by Mike Reilly.
16:50 of 2nd period - Icing by Mike Reilly.
16:51 of 2nd period - Radek Faksa wins face-off versus Nico Hischier in VANCOUVER VOODOO zone.
19:07 of 2nd period - Minor Penalty to Logan Stanley for Tripping.
19:08 of 2nd period - Nico Hischier wins face-off versus Josh Bailey in VANCOUVER VOODOO zone.
19:35 of 2nd period - Shot by Conor Garland.
19:35 of 2nd period - Goal by Conor Garland - OAKLAND GORILLAS : 4 - VANCOUVER VOODOO : 3.
19:36 of 2nd period - Travis Boyd wins face-off versus Denis Gurianov in neutral zone.
19:48 of 2nd period - Shot by Travis Boyd.
19:48 of 2nd period - Shot Misses the Net.
Goals for this period are 3 for OAKLAND GORILLAS vs 1 for VANCOUVER VOODOO.
Shots for this period are 8 for OAKLAND GORILLAS vs 10 for VANCOUVER VOODOO.

3rd period


0:01 of 3rd period - Cole Sillinger wins face-off versus Nico Hischier in neutral zone.
0:20 of 3rd period - Josh Bailey is hit by Tyler Myers and loses puck.
0:39 of 3rd period - Shot by Nico Hischier.
0:39 of 3rd period - Shot Misses the Net.
0:46 of 3rd period - Icing by Brock Boeser.
0:47 of 3rd period - Nico Hischier wins face-off versus Marcus Johansson in OAKLAND GORILLAS zone.
0:52 of 3rd period - Shot by Nico Hischier.
0:52 of 3rd period - Shot Blocked by Brett Kulak.
1:18 of 3rd period - Shot by Marcus Johansson.
1:18 of 3rd period - Stopped by James Reimer without a rebound.
1:19 of 3rd period - Paul Stastny wins face-off versus Radek Faksa in OAKLAND GORILLAS zone.
1:50 of 3rd period - Shot by Josh Anderson.
1:50 of 3rd period - Stopped by James Reimer with a rebound.
1:52 of 3rd period - Shot by Radek Faksa.
1:52 of 3rd period - Stopped by James Reimer with a rebound.
1:54 of 3rd period - Shot by Patric Hornqvist.
1:54 of 3rd period - Stopped by James Reimer without a rebound.
1:55 of 3rd period - Boone Jenner wins face-off versus Cole Sillinger in OAKLAND GORILLAS zone.
2:08 of 3rd period - Shot by Nico Sturm.
2:08 of 3rd period - Shot Blocked by Matthew Grzelcyk.
2:10 of 3rd period - Shot by Boone Jenner.
2:10 of 3rd period - Stopped by Jake Allen without a rebound.
2:11 of 3rd period - Marcus Johansson wins face-off versus Travis Boyd in VANCOUVER VOODOO zone.
2:28 of 3rd period - Shot by Calle Jarnkrok.
2:28 of 3rd period - Deflect By Travis Boyd.
2:28 of 3rd period - Stopped by Jake Allen with a rebound.
2:38 of 3rd period - Shot by Brendan Gallagher.
2:38 of 3rd period - Shot Misses the Net.
2:40 of 3rd period - Shot by Brett Kulak.
2:40 of 3rd period - Stopped by James Reimer with a rebound.
2:50 of 3rd period - Brendan Lemieux is hit by Jonas Siegenthaler and loses puck.
3:14 of 3rd period - Boone Jenner is hit by Logan Stanley and loses puck.
3:22 of 3rd period - Boone Jenner is hit by Logan Stanley and loses puck.
4:27 of 3rd period - Icing by Tyler Myers.
4:28 of 3rd period - Adam Gaudette wins face-off versus Paul Stastny in OAKLAND GORILLAS zone.
4:39 of 3rd period - Shot by Dominik Kubalik.
4:39 of 3rd period - Shot Misses the Net.
5:30 of 3rd period - Icing by Mike Reilly.
5:31 of 3rd period - Boone Jenner wins face-off versus Adam Gaudette in VANCOUVER VOODOO zone.
5:41 of 3rd period - Adam Gaudette is hit by Martin Fehervary and loses puck.
5:45 of 3rd period - Icing by Cameron York.
5:46 of 3rd period - Cole Sillinger wins face-off versus Boone Jenner in OAKLAND GORILLAS zone.
5:59 of 3rd period - Matthew Grzelcyk is hit by Mason Appleton and loses puck.
6:04 of 3rd period - Shot by Nico Sturm.
6:04 of 3rd period - Stopped by Jake Allen without a rebound.
6:05 of 3rd period - Conor Garland wins face-off versus Radek Faksa in VANCOUVER VOODOO zone.
6:24 of 3rd period - Shot by Patric Hornqvist.
6:24 of 3rd period - Deflect By Josh Anderson.
6:24 of 3rd period - Shot Misses the Net.
6:52 of 3rd period - Shot by Nico Hischier.
6:52 of 3rd period - Stopped by Jake Allen without a rebound.
6:53 of 3rd period - Travis Boyd wins face-off versus Cole Sillinger in VANCOUVER VOODOO zone.
6:56 of 3rd period - Shot by Calle Jarnkrok.
6:56 of 3rd period - Shot Blocked by Matthew Grzelcyk.
7:01 of 3rd period - Calle Jarnkrok is hit by Logan Stanley.
7:26 of 3rd period - Shot by Travis Boyd.
7:26 of 3rd period - Shot Misses the Net.
7:32 of 3rd period - Shot by Calle Jarnkrok.
7:32 of 3rd period - Stopped by Jake Allen with a rebound.
7:34 of 3rd period - Shot by David Kampf.
7:34 of 3rd period - Stopped by Jake Allen with a rebound.
8:14 of 3rd period - Shot by Paul Stastny.
8:14 of 3rd period - Shot Misses the Net.
8:19 of 3rd period - Paul Stastny is hit by Logan Stanley and loses puck.
8:55 of 3rd period - Shot by Boone Jenner.
8:55 of 3rd period - Stopped by Jake Allen with a rebound.
9:05 of 3rd period - Shot by Boone Jenner.
9:05 of 3rd period - Shot Misses the Net.
9:07 of 3rd period - Shot by Boone Jenner.
9:07 of 3rd period - Deflect By Nico Sturm.
9:07 of 3rd period - Stopped by Jake Allen with a rebound.
9:09 of 3rd period - Shot by Tyler Myers.
9:09 of 3rd period - Stopped by Jake Allen without a rebound.
9:10 of 3rd period - Nico Hischier wins face-off versus Marcus Johansson in VANCOUVER VOODOO zone.
9:27 of 3rd period - Shot by Brock Boeser.
9:27 of 3rd period - Goal by Brock Boeser - OAKLAND GORILLAS : 5 - VANCOUVER VOODOO : 3.
9:28 of 3rd period - Travis Boyd wins face-off versus Radek Faksa in neutral zone.
9:33 of 3rd period - Shot by Calle Jarnkrok.
9:33 of 3rd period - Shot Blocked by Patric Hornqvist.
9:51 of 3rd period - Shot by Calle Jarnkrok.
9:51 of 3rd period - Stopped by Jake Allen without a rebound.
9:52 of 3rd period - Joel Farabee wins face-off versus Marcus Johansson in VANCOUVER VOODOO zone.
9:52 of 3rd period - Paul Stastny is hit by Brett Kulak and loses puck.
9:53 of 3rd period - Minor Penalty to Brett Kulak for High sticking.
9:54 of 3rd period - Paul Stastny wins face-off versus Radek Faksa in VANCOUVER VOODOO zone.
10:39 of 3rd period - Off-side.
10:40 of 3rd period - Nico Hischier wins face-off versus Brendan Lemieux in neutral zone.
11:13 of 3rd period - Icing by Nico Hischier.
11:14 of 3rd period - Nico Hischier wins face-off versus Radek Faksa in OAKLAND GORILLAS zone.
12:33 of 3rd period - Shot by David Kampf.
12:33 of 3rd period - Shot Hit the Post.
12:35 of 3rd period - Shot by Hampus Lindholm.
12:35 of 3rd period - Shot Misses the Net.
12:47 of 3rd period - Shot by Jesse Puljujarvi.
12:47 of 3rd period - Deflect By Paul Stastny.
12:47 of 3rd period - Shot Misses the Net.
13:04 of 3rd period - Shot by Paul Stastny.
13:04 of 3rd period - Stopped by Jake Allen without a rebound.
13:05 of 3rd period - Boone Jenner wins face-off versus Marcus Johansson in VANCOUVER VOODOO zone.
13:36 of 3rd period - Shot by Boone Jenner.
13:36 of 3rd period - Shot Misses the Net.
14:06 of 3rd period - Minor Penalty to Mason Appleton for High sticking.
14:07 of 3rd period - David Kampf wins face-off versus Adam Gaudette in OAKLAND GORILLAS zone.
14:14 of 3rd period - Icing by Brett Kulak.
14:15 of 3rd period - David Kampf wins face-off versus Adam Gaudette in VANCOUVER VOODOO zone.
14:36 of 3rd period - Shot by Dominik Kubalik.
14:36 of 3rd period - Goal by Dominik Kubalik - OAKLAND GORILLAS : 5 - VANCOUVER VOODOO : 4.
14:37 of 3rd period - Nico Hischier wins face-off versus Radek Faksa in neutral zone.
15:02 of 3rd period - Shot by Patric Hornqvist.
15:02 of 3rd period - Stopped by James Reimer without a rebound.
15:03 of 3rd period - Paul Stastny wins face-off versus Cole Sillinger in OAKLAND GORILLAS zone.
15:16 of 3rd period - Shot by Paul Stastny.
15:16 of 3rd period - Shot Misses the Net.
15:38 of 3rd period - Shot by Anthony Beauvillier.
15:38 of 3rd period - Stopped by James Reimer without a rebound.
15:39 of 3rd period - Nico Hischier wins face-off versus Radek Faksa in OAKLAND GORILLAS zone.
16:11 of 3rd period - Shot by Patric Hornqvist.
16:11 of 3rd period - Shot Misses the Net.
16:32 of 3rd period - Icing by Josh Anderson.
16:33 of 3rd period - Paul Stastny wins face-off versus Radek Faksa in VANCOUVER VOODOO zone.
16:42 of 3rd period - Shot by Zachary Werenski.
16:42 of 3rd period - Shot Misses the Net.
16:44 of 3rd period - Shot by Jesse Puljujarvi.
16:44 of 3rd period - Shot Blocked by Mike Reilly.
17:18 of 3rd period - Mike Reilly is hit by Paul Stastny and loses puck.
18:05 of 3rd period - Shot by Marcus Johansson.
18:05 of 3rd period - Stopped by James Reimer without a rebound.
18:06 of 3rd period - Cole Sillinger wins face-off versus Nico Hischier in OAKLAND GORILLAS zone.
18:13 of 3rd period - Shot by Cole Sillinger.
18:13 of 3rd period - Stopped by James Reimer without a rebound.
18:14 of 3rd period - Nico Hischier wins face-off versus Cole Sillinger in OAKLAND GORILLAS zone.
18:51 of 3rd period - Shot by Conor Garland.
18:51 of 3rd period - Stopped by Jake Allen without a rebound.
18:52 of 3rd period - Marcus Johansson wins face-off versus Calle Jarnkrok in VANCOUVER VOODOO zone.
19:56 of 3rd period - VANCOUVER VOODOO, Jake Allen is pulled from the net.
Goals for this period are 1 for OAKLAND GORILLAS vs 1 for VANCOUVER VOODOO.
Shots for this period are 13 for OAKLAND GORILLAS vs 10 for VANCOUVER VOODOO.


NATHAN
MACKINNON
PHILLIP
DANAULT
CONNOR
MCDAVID

EAST COAST

HOCKEY LEAGUE

  • 25.QUE4CHI5
  • 26.CHA2LIM3
  • 27.TRV2LON3
  • 28.CHW4BAL2
  • 29.PITMAN
  • 30.ATLNHW
  • 31.WORPET
  • 32.RHI